 Dungeon Crawl Stone Soup version 0.16-a0-3389-g45633df (webtiles) character file.

982 BluebellGnoll the Covert (level 7, -2/32 HPs)
             Began as a Spriggan Enchanter on Dec 30, 2014.
             Was a Follower of Vehumet.
             Slain by an ogre
             ... wielding a +0 giant club
              (13 damage)
             ... on level 5 of the Dungeon.
             The game lasted 00:18:04 (4318 turns).

BluebellGnoll the Covert (Spriggan Enchanter)       Turns: 4318, Time: 00:18:04

Health: -2/32      AC:  6    Str:  5    XL:     7   Next: 96%
Magic:  31/34      EV: 18    Int: 19    God:    Vehumet [*.....]
Gold:   255        SH:  0    Dex: 16    Spells: 6 memorised, 6 levels left

rFire  . . .     SeeInvis +     p - +0 dagger (elec)
rCold  + . .     Clarity  .     A - +2 robe {rC+}
rNeg   . . .     SustAb   .     (shield restricted)
rPois  .         Gourm    .     (helmet restricted)
rElec  .         Spirit   .     u - +1 cloak
rCorr  .         Warding  .     (gloves unavailable)
rMut   .         Stasis   .     (boots unavailable)
MR     +....                    (no amulet)
Stlth  +++++.....               g - +1 ring of strength
                                q - ring of magical power

@: very quick, somewhat resistant to hostile enchantments, quite stealthy
A: unfitting armour, see invisible, herbivore 3, speed 3, slow metabolism 2
a: Renounce Religion


You were on level 5 of the Dungeon.
You worshipped Vehumet.
Vehumet was aware of your devotion.
You were full.

You visited 1 branch of the dungeon, and saw 7 of its levels.

You collected 255 gold pieces.

Inventory:

Hand weapons
 p - a +0 dagger of electrocution (weapon)
 y - a +0 blowgun
Missiles
 e - 4 curare-tipped needles
 w - 15 poisoned needles
Armour
 u - a +1 cloak (worn)
 A - a +2 robe of cold resistance (worn)
Jewellery
 g - a +1 ring of strength (right hand)
 q - a ring of magical power (left hand)
Magical devices
 n - a wand of polymorph (10)
Scrolls
 a - a scroll of teleportation {unknown}
 h - 4 scrolls of enchant armour
 i - a scroll of random uselessness {unknown}
 k - a scroll of fear {unknown}
 l - 3 scrolls of identify {unknown}
 m - a scroll of magic mapping {unknown}
 r - a scroll of recharging {unknown}
 s - a scroll of remove curse {unknown}
 t - a scroll of noise {unknown}
 x - 2 scrolls of blinking {unknown}
Potions
 f - 3 potions of lignification {unknown}
 j - 2 potions of heal wounds {unknown}
 o - a potion of curing {unknown}
 v - 2 potions of haste {unknown}
 z - a potion of degeneration {unknown}
 B - a potion of brilliance {unknown}
Books
 c - a book of Maledictions

   Spells                             Type                      Level
   a - Corona                         Hexes                        1
   b - Sure Blade                     Hexes/Charms                 2
   c - Ensorcelled Hibernation        Hexes/Ice                    2
   d - Confuse                        Hexes                        3
   e - Dazzling Spray                 Conjuration/Hexes            3
   f - Enslavement                    Hexes                        4
Comestibles
 d - 3 bread rations


   Skills:
 - Level 1.1 Short Blades
 - Level 3.0 Dodging
 + Level 9.4 Stealth
 - Level 7.5 Spellcasting
 - Level 6.5 Hexes


You had 6 spell levels left.
You knew the following spells:

 Your Spells              Type           Power        Failure   Level  Hunger
a - Corona                Hex            ####...      1%          1    None
b - Ensorcelled Hibernat  Hex/Ice        ###...       4%          2    None
c - Confuse               Hex            ####....     1%          3    #......
d - Sure Blade            Hex/Chrm       ###.......   4%          2    None
e - Dazzling Spray        Conj/Hex       ###.....     10%         3    #......
f - Enslavement           Hex            ####....     10%         4    ###....


Dungeon Overview and Level Annotations

Branches:
Dungeon (7/15)
 Temple: D:4-7

Altars:
Fedhas
Makhleb
Ru
Vehumet

Annotations:
D:5 Prince Ribbit


Innate Abilities, Weirdness & Mutations

You are tiny and cannot use many weapons and most armour.
You have supernaturally acute eyesight.
You are a herbivore.
You cover ground extremely quickly.
You need consume almost no food.


Message History

You open the door.
There is an open door here.
You open the door.
An ogre and a skeleton come into view.
The ogre shouts!
There is an open door here.
The jackal skeleton closely misses you.
Prince Ribbit comes into view.
Prince Ribbit gives a loud, deep croak!
Casting: Confuse
Confirm with . or Enter, or press ? or * to list all spells.
Aiming: Ensorcelled Hibernation
Press: ? - help, Shift-Dir - straight line, f - ogre
Aim: an ogre, wielding a giant club (chance 50%)
The ogre looks drowsy...
The jackal skeleton closely misses you.
The ogre shouts!
You hit the ogre but do no damage. The jackal skeleton misses you.
The ogre hits you with a giant club!
You die...

#.........#######..
#.....##+#.........
####'## +....#....
#...+ #....+....
#...# #.....+###
####'## #####+#
#.....# #.....+ #
#Z@O..# + #.....# #
#.....# # #.F...#
## #.....# ...
#.....# #+# #.....#
# #.....' + #.....
#


You could see Prince Ribbit, an ogre and a jackal skeleton.

Vanquished Creatures
  A hippogriff (D:7)
  The ghost of 4tharraofdagon the Insei, an average DgMo (D:3)
  An ogre (D:6)
  Duvessa (D:4)
  Blork the orc (D:4)
  2 scorpions
  Dowan (D:4)
  A crimson imp (D:3)
  A hound (D:3)
  An orc priest (D:3)
  An orc wizard (D:3)
  2 worker ants
  An iguana (D:6)
  A hound zombie (D:7)
  2 adders
  5 worms
  3 orcs
  2 ball pythons (D:4)
  13 bats
  14 goblins
  8 hobgoblins
  8 jackals
  2 quokkas (D:2)
  5 giant cockroaches
  5 giant geckos
  A giant gecko skeleton (D:4)
  A giant gecko zombie (D:4)
  4 giant newts
  8 kobolds
  14 rats
111 creatures vanquished.

Vanquished Creatures (others)
  2 adders (D:3)
  A giant gecko (D:4)
  A goblin (D:5)
4 creatures vanquished.

Grand Total: 115 creatures vanquished

Notes
Turn   | Place    | Note
--------------------------------------------------------------
     0 | D:1      | BluebellGnoll, the Spriggan Enchanter, began the quest for the Orb.
     0 | D:1      | Reached XP level 1. HP: 9/9 MP: 4/4
    81 | D:1      | Reached skill level 5 in Stealth
   231 | D:1      | Reached XP level 2. HP: 13/13 MP: 5/7
   609 | D:1      | Reached skill level 6 in Stealth
   832 | D:1      | Learned a level 2 spell: Ensorcelled Hibernation
   947 | D:2      | Reached XP level 3. HP: 11/16 MP: 6/9
  1341 | D:2      | Learned a level 3 spell: Confuse
  1482 | D:2      | Reached skill level 7 in Stealth
  1677 | D:2      | Reached XP level 4. HP: 21/21 MP: 12/12
  1681 | D:2      | Learned a level 2 spell: Sure Blade
  1846 | D:2      | Found a sacrificial altar of Ru.
  2319 | D:3      | Found a radiant altar of Vehumet.
  2329 | D:3      | Became a worshipper of Vehumet
  2586 | D:3      | Reached XP level 5. HP: 22/24 MP: 17/17
  2591 | D:3      | Learned a level 3 spell: Dazzling Spray
  2599 | D:3      | Found a burning altar of Makhleb.
  2673 | D:3      | Reached skill level 5 in Hexes
  2707 | D:3      | Noticed 4tharraofdagon's ghost (average DgMo)
  3198 | D:3      | Killed 4tharraofdagon's ghost
  3198 | D:3      | Reached skill level 5 in Spellcasting
  3198 | D:3      | Reached XP level 6. HP: 28/28 MP: 21/21
  3209 | D:3      | Learned a level 4 spell: Enslavement
  3521 | D:4      | Noticed Blork the orc
  3525 | D:4      | Killed Blork the orc
  3534 | D:4      | Found a blossoming altar of Fedhas.
  3535 | D:4      | Noticed Duvessa
  3675 | D:4      | Acquired Vehumet's first power
  3675 | D:4      | Offered knowledge of Magic Dart by Vehumet.
  3695 | D:4      | Noticed Dowan
  3705 | D:4      | Killed Duvessa
  3705 | D:4      | Reached XP level 7. HP: 28/32 MP: 24/24
  3720 | D:4      | Killed Dowan
  3875 | D:4      | You fall through a shaft for 3 floors!
  3964 | D:7      | Reached skill level 8 in Stealth
  4149 | D:6      | Reached skill level 9 in Stealth
  4201 | D:5      | Entered Level 5 of the Dungeon
  4314 | D:5      | Noticed Prince Ribbit
  4318 | D:5      | Slain by an ogre

Action                   |  1- 3 |  4- 6 |  7- 9 || total
-------------------------+-------+-------+-------++-------
Melee: Dagger            |   113 |   133 |    42 ||   288
 Cast: Corona            |    17 |     8 |     2 ||    27
       Ensorcelled Hiber |    12 |     7 |     5 ||    24
       Confuse           |       |    13 |     3 ||    16
       Dazzling Spray    |       |       |     3 ||     3
       Enslavement       |       |       |     1 ||     1
  Use: Scroll            |       |       |     1 ||     1
 Stab: Sleeping          |    16 |    13 |    12 ||    41
       Confused          |       |     6 |     1 ||     7
  Eat: Fruit             |       |     3 |     5 ||     8
